 Dungeon Crawl Stone Soup version 0.26.1-11-gd32895ea62 (webtiles) character file.

Game seed: 16481754018825536764

1158 ohmysez the Poker (level 8, 0/58 HPs)
             Began as a Merfolk Wanderer on Apr 27, 2021.
             Was a Follower of Trog.
             Slain by a hornet zombie (11 damage)
             ... on level 6 of the Dungeon.
             The game lasted 00:33:29 (5656 turns).

ohmysez the Poker (Merfolk Wanderer)                Turns: 5656, Time: 00:33:30

Health: 0/58       AC: 14    Str: 22    XL:     8   Next: 39%
Magic:  8/8        EV: 12    Int: 10    God:    Trog [*.....]
Gold:   289        SH:  0    Dex: 13    Spells: 7/7 levels left

rFire    . . .     SeeInvis .   d - +0 spear
rCold    . . .     Faith    .   (no shield)
rNeg     . . .     Spirit   .   c - +6 scale mail
rPois    .         Reflect  .   (no helmet)
rElec    .         Harm     .   (no cloak)
rCorr    .         Rampage  .   (no gloves)
Will     .....                  y - +0 pair of boots (curse)
Stlth    +.........             (no amulet)
HPRegen  0.19/turn              j - +6 ring of strength
MPRegen  0.11/turn              (no ring)

@: about to teleport
A: change form in water, swift swim, stealthy swim
a: Renounce Religion, Berserk


You were on level 6 of the Dungeon.
You worshipped Trog.
Trog was aware of your devotion.
You visited 1 branch of the dungeon, and saw 6 of its levels.

You collected 289 gold pieces.

Inventory:

Hand Weapons
 d - a +0 spear (weapon)
 e - a +1 flail of holy wrath
 w - a +0 antimagic hand axe
Missiles
 i - 15 poisoned darts (quivered)
Armour
 c - a +6 scale mail (worn)
 x - a +0 pair of boots
 y - a cursed +0 pair of boots (worn)
Jewellery
 j - a +6 ring of strength (left hand)
 n - an uncursed ring of wizardry
Wands
 o - a wand of acid (4)
 E - a wand of paralysis (8)
Scrolls
 f - 3 scrolls of identify
 h - a scroll of magic mapping
 k - 2 scrolls of fog
 p - 3 scrolls of teleportation
 s - a scroll of remove curse
 C - a scroll of enchant armour
 D - a scroll of blinking
Potions
 a - a potion of resistance {unknown}
 b - 3 potions of lignification
 g - a potion of haste {unknown}
 l - 2 potions of magic {unknown}
 m - 3 potions of heal wounds {unknown}
 r - a potion of degeneration {unknown}
 t - a potion of brilliance {unknown}
 v - 2 potions of mutation {unknown}
 z - a potion of invisibility {unknown}


   Skills:
 + Level 3.2 Fighting
 - Level 3.7 Maces & Flails
 * Level 7.2 Polearms
 + Level 1.5 Crossbows
 + Level 4.8 Armour
 + Level 3.7 Dodging
 + Level 2.0 Stealth
 + Level 1.0 Shields
 + Level 0.8 Evocations


You had 7 spell levels left.
You didn't know any spells.
Your spell library was empty.

Dungeon Overview and Level Annotations

Branches:
Dungeon (6/15)
 Temple: D:4-7

Altars:
Elyvilon
Fedhas
Gozag
Trog
Wu Jian
Zin

Shops:
D:5 [


Message History

The hornet zombie hits you!
You hit the hornet zombie but do no damage.
The hornet zombie is lightly damaged.
The hornet zombie hits you but does no damage.
You barely miss the hornet zombie.
The hornet zombie is lightly damaged.
The hornet zombie barely misses you.
You barely miss the hornet zombie.
The hornet zombie is lightly damaged.
The hornet zombie hits you but does no damage.
The hornet zombie hits you.
The hornet zombie hits you but does no damage.
The hornet zombie hits you but does no damage.
Found 15 gold pieces.
The hornet zombie hits you!
* * * LOW HITPOINT WARNING * * *
As you read the scroll of teleportation, it crumbles to dust.
You feel strangely unstable. The hornet zombie closely misses you.
The hornet zombie hits you!
You die...

.#......###...#...$........c...#O
..........####........#....#.#.##
............#........##....###.##
#####.#................... ..##
####.................#####.##
#...................#.....#
#.................##.......#
#.........O........##........
#..........Z@......##........
###................##........
#........####...###........
#.......## #............#
........# #.............
#........ .........?.... .......
........[..... #8# ..##.........$
.# ##...#..#.#


You could see an ogre and a hornet zombie.

Vanquished Creatures
  A sky beast (D:6)
  3 eyes of draining (D:3)
  A phantom (D:5)
  A centaur (D:6)
  A bullfrog (D:6)
  2 scorpions (D:5)
  3 hounds
  An orc priest (D:5)
  2 orc wizards (D:3)
  A centaur skeleton (D:5)
  A worker ant (D:5)
  An iguana (D:6)
  A worker ant zombie (D:6)
  4 gnolls (D:5)
  7 adders
  A white imp (D:6)
  2 ufetubi
  An adder skeleton (D:5)
  2 worms
  6 leopard geckos
  8 orcs
  4 giant cockroaches
  5 goblins
  7 hobgoblins
  14 jackals
  6 kobolds
  2 quokkas
  7 bats
  3 frilled lizards
  A quokka skeleton (D:5)
  A quokka zombie (D:5)
  5 rats
105 creatures vanquished.

Notes
Turn   | Place    | Note
-------+----------+-------------------------------------------
     0 | D:1      | ohmysez the Merfolk Wanderer began the quest for the Orb.
     0 | D:1      | ohmysez set off with the following items: a +0 mace, a
                  | potion of lignification, a +2 scale mail
     0 | D:1      | Reached XP level 1. HP: 15/15 MP: 1/1
    89 | D:1      | Reached XP level 2. HP: 13/21 MP: 2/2
   721 | D:1      | Reached XP level 3. HP: 15/26 MP: 3/3
  1692 | D:2      | Found a white marble altar of Elyvilon.
  1734 | D:2      | Became a worshipper of Elyvilon the Healer
  1870 | D:2      | Reached skill level 1 in Dodging
  1870 | D:2      | Reached XP level 4. HP: 19/33 MP: 4/4
  2863 | D:3      | Reached XP level 5. HP: 38/38 MP: 5/5
  3017 | D:3      | Reached * piety under Elyvilon
  3104 | D:3      | Found a bloodstained altar of Trog.
  3104 | D:3      | Noticed an eye of draining
  3104 | D:3      | Noticed an eye of draining
  3105 | D:3      | Noticed an eye of draining
  3134 | D:3      | Killed an eye of draining
  3135 | D:3      | Reached XP level 6. HP: 44/44 MP: 0/6
  3143 | D:3      | Killed an eye of draining
  3152 | D:3      | Killed an eye of draining
  3177 | D:3      | Fell from the grace of Elyvilon
  3177 | D:3      | Became a worshipper of Trog the Wrathful
  3220 | D:3      | Found a blossoming altar of Fedhas.
  3334 | D:3      | Reached XP level 7. HP: 51/51 MP: 7/7
  3420 | D:4      | You fall into a shaft and drop 1 floor!
  3420 | D:5      | Entered Level 5 of the Dungeon
  3436 | D:5      | Reached skill level 1 in Polearms
  3653 | D:5      | Reached skill level 2 in Polearms
  3981 | D:5      | Reached skill level 3 in Polearms
  4099 | D:5      | Found an ornate altar of the Wu Jian Council.
  4194 | D:5      | Reached skill level 4 in Polearms
  4375 | D:5      | Found a glowing silver altar of Zin.
  4815 | D:5      | Reached skill level 5 in Polearms
  5000 | D:5      | Found Uhienkots's Antique Armour Shoppe.
  5215 | D:6      | Reached XP level 8. HP: 57/57 MP: 8/8
  5321 | D:6      | Reached skill level 6 in Polearms
  5430 | D:6      | Found an opulent altar of Gozag.
  5562 | D:6      | Reached * piety under Trog
  5563 | D:6      | Reached skill level 7 in Polearms
  5656 | D:6      | Slain by a hornet zombie

Illustrated notes

Levels and vault maps discovered:
D:1:      dpeg_arrival_tiny_c, layout_basic, minmay_unequal
D:2:      layout_loops_corners, elyvilon_altar_3
D:3:      layout_basic, lemuel_doored_altar, trog_eyes_of_draining
D:4:      layout_loops_ring, kennysheep_slug_shrine, lemuel_crystal_altar,
          serial_shops, shop_fountains, st_stairs_7, minmay_cut_off
D:5:      layout_loops_ring, zin_statuary, marbit_many_paths, serial_shops,
          kennysheep_mini_moat
D:6:      layout_cave_pools, grunt_gozag_breadcrumbs, lemuel_statue_altar

Skill      XL: |  1  2  3  4  5  6  7  8 |
---------------+-------------------------+-----
Armour         | 3 4 |  4.8
Fighting       | 2 3 |  3.2
Dodging        | 1 2 3 |  3.7
Maces & Flails | 2 3 |  3.7
Polearms       | 5 7 |  7.2
Stealth        | 2 |  2.0
Crossbows      | |  1.5
Shields        | |  1.0
Evocations     | |  0.8

Action                   |  1- 3 |  4- 6 |  7- 9 || total
-------------------------+-------+-------+-------++-------
Melee: Mace              |   158 |   122 |       ||   280
       Spear             |       |     8 |   346 ||   354
Evoke: Wand              |       |     5 |     3 ||     8
  Use: Scroll            |     8 |       |    13 ||    21
       Potion            |     1 |       |       ||     1
Armor: Scale mail        |   163 |    53 |   152 ||   368
Dodge: Dodged            |   169 |    61 |   185 ||   415
